 Dungeon Crawl Stone Soup version 0.31-a0-656-gb4d89c20fa (webtiles) character file.

Game seed: 6199583587879513898

105 LobsterGuardian the Ruffian (level 4, -13/42 HPs)
             Began as a Troll Gladiator on Aug 31, 2023.
             Was a Follower of Kikubaaqudgha.
             Engulfed by a cloud of flame (15 damage)
             ... on level 3 of the Dungeon.
             The game lasted 00:04:12 (2471 turns).

LobsterGuardian the Ruffian (Troll Gladiator)       Turns: 2471, Time: 00:04:13

Health: -13/42     AC:  5    Str: 22    XL:     4   Next: 53%
Magic:  3/3        EV: 10    Int: 10    God:    Kikubaaqudgha [*.....]
Gold:   87         SH:  0    Dex: 11    Spells: 3/3 levels left

rFire   . .          .
                       - Unarmed
rCold   . . .        (no shield)
rNeg    . . .        a - +0 robe
rPois   .            g - +0 hat
rElec   .            k - +0 cloak
rCorr   .            (gloves unavailable)
SInv    .            (boots unavailable)
Will    .....        (no amulet)
Stlth   +            j - +6 ring of intelligence
HPRegen 1.07/turn    e - ring of flight
MPRegen 0.08/turn

%: no passive effects
@: flying
A: large, unfitting armour, claws 3, regeneration 1, shaggy fur 1, tough skin 1,
screaming 1, weak 1, no potion heal 1
a: Renounce Religion, Unearth Wretches


You were on level 3 of the Dungeon.
You worshipped Kikubaaqudgha.
Kikubaaqudgha was aware of your devotion.
You visited 1 branch of the dungeon, and saw 3 of its levels.

You collected 87 gold pieces.

Inventory:

Missiles
 c - 3 throwing nets (quivered)
 d - a large rock
 n - 6 boomerangs
Armour
 a - a +0 robe (worn)
 g - a +0 hat (worn)
 k - a +0 cloak (worn)
Jewellery
 e - a ring of flight (right claw)
 j - a +6 ring of intelligence (left claw)
 p - a ring of magical power
Scrolls
 f - a scroll of blinking {unknown}
 l - a scroll of revelation {unknown}
 o - a scroll of enchant weapon {unknown}
Potions
 b - 2 potions of curing
 h - a potion of ambrosia
 i - 3 potions of invisibility
 m - a potion of heal wounds {unknown}


   Skills:
 + Level 1.7 Fighting
 + Level 2.0 Throwing
 + Level 2.8 Dodging
 * Level 4.8 Unarmed Combat


You had 3 spell levels left.
You didn't know any spells.
Your spell library contained the following spells:

 Spells                   Type           Power      Damage    Failure   Level
 Necrotise                Necr           0%         1d4       36%         1
 Cigotuvi's Dreadful Rot  Necr/Pois/Air  0%         N/A       50%         2
 Vampiric Draining        Necr           0%         2d6       75%         3
 Animate Dead             Necr           0%         N/A       98%         4


Dungeon Overview and Level Annotations

Branches:
Dungeon (3/15)

Altars:
Kikubaaqudgha
Makhleb


Innate Abilities, Weirdness & Mutations

You are too large for most types of armour.
You have claws for hands.
Your natural rate of healing is unusually fast.
You are covered in fur. (AC +1)
You have tough skin. (AC +1)
You occasionally shout uncontrollably at your foes.
You are weak. (Str -2)
Potions are less effective at restoring your health.


Message History

a +0 club; an orc corpse
There is a large open door here.
There is an open door here.
Natasha, Servant of Life and Death comes into view.
Natasha hisses angrily.
Natasha is nearby!
Natasha is nearby!
Natasha is nearby!
Natasha claws you!
You claw Natasha!
Natasha is severely wounded.
Natasha claws you.
You closely miss Natasha.
Natasha is severely wounded.
Natasha claws you but does no damage.
You scratch Natasha.
Natasha is severely wounded.
Natasha closely misses you.
You claw Natasha!
You kill Natasha!
Kikubaaqudgha accepts your kill.
Natasha screams in fury as she dies!
p - a ring of magical power
There is a burning altar of Makhleb here.
Things that are here:
a +0 whip; a +0 robe
There is an open door here.
You see here a +0 chain mail.
Partly explored, can't reach some items and places.
You are engulfed in blazing flames.
You are engulfed in blazing flames.
You start resting.
HP restored.
You are engulfed in blazing flames.
You are engulfed in blazing flames.
Ouch! That really hurt!
* * * LOW HITPOINT WARNING * * *
You are engulfed in blazing flames.
You die...
Kikubaaqudgha rasps: "You have failed me!
Welcome... death!"

#.........# #.#
#.......####### #.#
#.............# #.#
..............###.#
.......[......#...#
..#....#######...##
..#....# #§§§#
..#....# #○○§#
..#....# #○°@#
..#....# #####...#
#.####.##.○.§.$.$.
...........○§.$.$.§
......###...§.$$..§§
......# #####...####
......# #§.§#
......# #.○.#
......###


There were no monsters in sight!

Vanquished Creatures
  Natasha (D:3)
  2 dart slugs (D:3)
  7 orcs (D:3)
  6 ball pythons
  6 bats
  8 endoplasms
  2 giant cockroaches
  8 goblins
  3 hobgoblins
  4 jackals (D:3)
  6 kobolds
  2 frilled lizards (D:3)
  6 rats
61 creatures vanquished.

Notes
Turn   | Place    | Note
-------+----------+-------------------------------------------
     0 | D:1      | LobsterGuardian the Troll Gladiator began the quest for the
                  | Orb.
     0 | D:1      | Reached XP level 1. HP: 19/19 MP: 0/0
   227 | D:1      | Reached XP level 2. HP: 27/27 MP: 1/1
   870 | D:2      | Reached XP level 3. HP: 34/35 MP: 2/2
  1674 | D:3      | Reached skill level 4 in Unarmed Combat
  1717 | D:3      | Found a faded altar of an unknown god.
  1804 | D:3      | Found a burning altar of Makhleb.
  1822 | D:3      | Gained mutation: Potions are less effective at restoring
                  | your health. [potion of mutation]
  1822 | D:3      | Gained mutation: You occasionally shout uncontrollably at
                  | your foes. [potion of mutation]
  1822 | D:3      | Gained mutation: You are weak. (Str -2) [potion of
                  | mutation]
  1906 | D:3      | Prayed at the altar of an unknown god.
  1906 | D:3      | Became a worshipper of Kikubaaqudgha
  1906 | D:3      | Reached * piety under Kikubaaqudgha
  1906 | D:3      | Received a gift from Kikubaaqudgha
  1940 | D:3      | Reached XP level 4. HP: 42/42 MP: 3/3
  2339 | D:3      | Noticed Natasha
  2344 | D:3      | Killed Natasha
  2470 | D:3      | HP: 1/42 [something (24)]
  2471 | D:3      | Engulfed by a cloud of flame

Illustrated notes

Levels and vault maps discovered:
D:1:      elethiomel_arrival_infinity_welcomes_careful_drivers, layout_rooms,
          hangedman_decor_clover_reticule
D:2:      layout_basic, grunt_ministairs_11, chequers_jeans,
          minmay_strange_pillars
D:3:      layout_basic, bloody_makhleb, shapermc_ecumenical_altar_gd,
          kennysheep_cross_room, lemuel_flame_loot_1, uniq_natasha

Skill      XL: |  1  2  3 |
---------------+----------+-----
Unarmed Combat | 4 |  4.8
Throwing       | 2 |  2.0
Fighting       | |  1.7
Dodging        | |  2.8

Action                     |  1- 3 |  4- 6 || total
---------------------------+-------+-------++-------
  Melee: Unarmed           |   115 |    22 ||   137
         Punch             |     1 |       ||     1
    Use: Scroll            |     5 |       ||     5
         Potion            |     1 |       ||     1
   Stab: Sleeping          |     2 |       ||     2
 Armour: Robe              |    39 |     9 ||    48
  Dodge: Dodged            |    52 |    10 ||    62

Table legend: (Time is in decaauts)
 A = Elapsed time spent in this place.
 B = Non-inter-level travel time spent in this place.
 C = Inter-level travel time spent in this place.
 D = Time resting spent in this place.
 E = Time spent auto-exploring this place.
 F = Levels seen in this place.
 G = Mean time per level.
                   A        B        C        D        E       F      G
               +--------+--------+--------+--------+--------+-----+--------+
         Total |   2459 |   2301 |    158 |     17 |   1896 |   3 |  819.7 |
       Dungeon |   2459 |   2301 |    158 |     17 |   1896 |   3 |  819.7 |
               +--------+--------+--------+--------+--------+-----+--------+

Top non-repeatable levels by time:
     D:2: 955 daAuts
     D:3: 797 daAuts
     D:1: 706 daAuts
